Map: Frost LE

Players

blackxored - Winner!

  • Race: Zerg Zerg
  • League: Diamond

Gybus

  • Race: Zerg Zerg
  • League: Platinum

VOD

Have the link to the VOD?

Description

Time

  • Played on: July 1, 2016, 8:06 p.m.
  • Length: 4:32
Show
View Real Time Build Order
Export as new Build Order

blackxored Zerg - Winner!

Build Orders: Pool First 

Get SALT Encoding   

  12  0:01  Drone  
  13  0:08  Drone  
  14  0:19  Extractor  
  14  0:20  Drone  
  14  0:31  Spawning Pool  
  13  0:40  Drone  
  14  0:45  Overlord  
  14  0:52  Extractor, Drone  
  15  1:05  Drone x2  
  17  1:14  Drone  
  18  1:20  Queen  
  20  1:26  Overlord  
  20  1:33  Metabolic Boost  
  20  1:37  Drone  
  21  1:50  Baneling Nest  
  20  1:56  Zergling x4  
  22  2:07  Zergling x2  
  23  2:19  Zergling x2  
  24  2:31  Zergling x6, Hatchery  
  27  2:44  Drone  
  27  2:55  Zergling x2  
  28  3:03  Zergling x2  
  28  3:04  Zergling x2  
  28  3:05  Overlord x2  
  28  3:18  Baneling x2  
  28  3:19  Baneling x3  
  27  3:20  Zergling x2  
  28  3:29  Baneling  
  28  3:33  Zergling x2  
  28  3:46  Zergling x4  
  28  3:47  Zergling x4  
  31  3:51  Queen  
  33  4:02  Zergling x4  
Show
View Real Time Build Order
Export as new Build Order

Gybus Zerg 

Build Orders: Pool First 

Get SALT Encoding   

  12  0:01  Drone  
  13  0:12  Overlord  
  13  0:17  Drone  
  14  0:31  Drone x2  
  14  0:35  Extractor  
  15  0:36  Drone  
  16  0:50  Drone  
  16  0:52  Spawning Pool  
  16  0:59  Drone  
  17  1:07  Drone  
  18  1:18  Drone  
  19  1:31  Hatchery  
  18  1:38  Metabolic Boost  
  18  1:42  Overlord  
  18  1:47  Zergling x2  
  19  1:55  Queen  
  21  2:03  Zergling x2  
  21  2:04  Zergling x2  
  23  2:11  Zergling x2  
  24  2:23  Zergling x2  
  25  2:31  Queen  
  25  2:33  Overlord  
  27  2:44  Zergling x4  
  29  2:57  Zergling x2  
  29  2:58  Baneling Nest, Zergling x2  
  30  3:08  Drone x4  
  30  3:24  Zergling x4, Spine Crawler  
  31  3:34  Zergling x4  
  33  3:47  Zergling x2  
  33  3:48  Zergling x14  
  36  3:56  Drone x2  
  38  4:05  Drone  
  36  4:15  Drone x2  
  34  4:24  Extractor  
  29  4:29  Evolution Chamber  
Tags
 
Add a new tag
Caveats
  • Supply blocks, unpowered buildings, or Contaminate may cause inaccurate times.
  • Supply counts are checked every 10 seconds.